 Dungeon Crawl Stone Soup version 0.21.1-1-g345015f (webtiles) character file.

259 CougarLife the Ruffian (level 5, -1/50 HPs)
             Began as a Troll Monk on May 30, 2018.
             Slain by a kobold (2 damage)
             ... on level 3 of the Dungeon.
             The game lasted 00:03:07 (1984 turns).

CougarLife the Ruffian (Troll Monk)                 Turns: 1984, Time: 00:03:08

Health: -1/50      AC:  5    Str: 19    XL:     5   Next: 94%
Magic:  4/4        EV: 11    Int:  7    God:
Gold:   105        SH:  0    Dex: 12    Spells: 4/4 levels left

rFire    . . .     SeeInvis .     - Unarmed
rCold    . . .     Gourm    +   (no shield)
rNeg     . . .     Faith    .   a - +0 robe
rPois    .         Spirit   .   (helmet restricted)
rElec    .         Reflect  .   (no cloak)
rCorr    .         Harm     .   (gloves unavailable)
MR       .....                  (boots unavailable)
Stlth    ++........             (no amulet)
HPRegen  0.56/turn              (no ring)
MPRegen  0.09/turn              (no ring)

@: no status effects
A: large, unfitting armour, claws 3, fast metabolism 3, gourmand, regeneration
1, shaggy fur 1, tough skin 2
a: no special abilities


You were on level 3 of the Dungeon.
You were full.

You visited 1 branch of the dungeon, and saw 3 of its levels.

You collected 105 gold pieces.

Inventory:

Armour
 a - a +0 robe (worn)
Jewellery
 k - an uncursed ring of protection from fire {unknown}
Scrolls
 d - 3 scrolls of teleportation {unknown}
 f - 4 scrolls of identify {unknown}
 j - a scroll of remove curse {unknown}
 n - a scroll of enchant armour {unknown}
Potions
 c - 3 potions of flight {unknown}
 e - a potion of resistance {unknown}
 g - a potion of cancellation {unknown}
 h - a potion of agility {unknown}
 i - a potion of brilliance {unknown}
 l - a potion of lignification {unknown}
 m - a potion of degeneration {unknown}
Comestibles
 b - 7 rations


   Skills:
 - Level 2.4 Fighting
 + Level 4.3 Dodging
 - Level 1.0 Stealth
 - Level 5.1 Unarmed Combat


You had 4 spell levels left.
You didn't know any spells.

Dungeon Overview and Level Annotations

Branches:
Dungeon (3/15)

Altars:
Hepliaklqana
The Shining One


Innate Abilities, Weirdness & Mutations

You are too large for most types of armour.
You have claws for hands.
Your metabolism is lightning-fast.
You like to eat raw meat.
Your natural rate of healing is unusually fast.
You are covered in fur. (AC +1)
You have very tough skin. (AC +2)


Message History

The big kobold closely misses you.
You barely miss the big kobold. The orc closely misses you.
The kobold hits you but does no damage.
You scratch the big kobold.
The big kobold is lightly wounded.
The kobold hits you but does no damage. The kobold misses you.
The big kobold hits you but does no damage.
The orc misses you. The kobold hits you but does no damage.
You barely miss the big kobold.
The big kobold is lightly wounded.
The kobold closely misses you. The kobold hits you with a club.
The big kobold barely misses you.
You closely miss the big kobold.
The big kobold is lightly wounded.
The orc hits you with a war axe of electrocution.
* * * LOW HITPOINT WARNING * * *
You are electrocuted!
* * * LOW HITPOINT WARNING * * *
The kobold hits you.
You die...

###### ######### ##.[...
#....#... #...... #....#...
.......#########....####
......KK(.....#......#..
......o@......'......'..
.....[KK......#......#..
.......#########....#### #......
#)((.#... ##..... #..).#...
##########################('#####
≈≈≈≈≈≈≈≈≈≈≈≈≈≈≈≈≈≈≈≈≈≈≈≈≈.)..≈≈≈≈
≈≈≈≈≈≈≈≈≈≈≈≈≈≈≈≈≈≈≈≈≈≈≈≈.(...≈≈≈≈
≈≈≈≈≈≈≈≈≈≈≈≈≈≈≈≈≈≈≈≈≈(((≈(....≈≈≈


You could see a big kobold, an orc and 3 kobolds.

Vanquished Creatures
  A big kobold (D:3)
  2 orc priests (D:3)
  3 adders
  An ooze (D:2)
  3 worms (D:3)
  2 dart slugs
  A leopard gecko (D:2)
  4 orcs (D:3)
  3 giant cockroaches (D:2)
  2 goblins
  8 hobgoblins
  4 jackals (D:2)
  8 bats
  5 frilled lizards
  29 kobolds
  3 rats
79 creatures vanquished.

Notes
Turn   | Place    | Note
-------+----------+-------------------------------------------
     0 | D:1      | CougarLife the Troll Monk began the quest for the Orb.
     0 | D:1      | Reached XP level 1. HP: 22/22 MP: 0/0
   355 | D:1      | Reached XP level 2. HP: 28/29 MP: 1/1
   535 | D:2      | Reached skill level 4 in Unarmed Combat
   564 | D:2      | Reached XP level 3. HP: 36/36 MP: 2/2
   899 | D:2      | Found a hazy altar of Hepliaklqana.
  1195 | D:3      | Reached XP level 4. HP: 33/44 MP: 3/3
  1216 | D:3      | Reached skill level 5 in Unarmed Combat
  1745 | D:3      | Reached XP level 5. HP: 16/50 MP: 4/4
  1910 | D:3      | Found a glowing golden altar of the Shining One.
  1984 | D:3      | HP: 1/50 [orc/war axe of electrocution (11)]
  1984 | D:3      | Slain by a kobold

Skill      XL: |  1  2  3  4  5 |
---------------+----------------+-----
Unarmed Combat | 4 5 |  5.1
Dodging        | 3 4 |  4.3
Fighting       | |  2.4
Stealth        | |  1.0

Action                   |  1- 3 |  4- 6 || total
-------------------------+-------+-------++-------
Melee: Unarmed           |   100 |   106 ||   206
       Punch             |     2 |     3 ||     5
 Stab: Sleeping          |     4 |       ||     4
  Eat: Chunk             |    16 |     4 ||    20
Armor: Robe              |    40 |    46 ||    86
Dodge: Dodged            |    49 |    93 ||   142
